 Dungeon Crawl Stone Soup version 0.29.1-12-g30fa7ad0bf (webtiles) character file.

Game seed: 11089393123258394111

95 Verono the Firebug (level 4, 0/31 HPs)
             Began as a Demonspawn Fire Elementalist on Jan 5, 2023.
             Slain by a wolf (7 damage)
             ... on level 3 of the Dungeon.
             The game lasted 00:10:40 (2334 turns).

Verono the Firebug (Demonspawn Fire Elementalist)   Turns: 2334, Time: 00:10:40

Health: 0/31       AC:  2    Str: 16    XL:     4   Next: 39%
Magic:  2/7        EV: 12    Int: 16    God:
Gold:   85         SH:  0    Dex: 20    Spells: 1/7 levels left

rFire   + . .      SeeInvis .   r - +7 dagger of Zatofi {drain, Str+6}
rCold   . . .      Faith    .   (no shield)
rNeg    . . .      Spirit   .   a - +0 robe
rPois   .          Reflect  .   (no helmet)
rElec   .          Harm     .   (no cloak)
rCorr   .          Rampage  .   (no gloves)
Will    .....                   (no boots)
Stlth   ++........              (no amulet)
HPRegen 0.10/turn               g - +6 ring of dexterity
MPRegen 0.10/turn               q - ring of protection from fire

@: hasted, very quick
A: hooves 1, demonic guardian 1
a: no special abilities


You were on level 3 of the Dungeon.
You visited 1 branch of the dungeon, and saw 3 of its levels.

You collected 85 gold pieces.

Inventory:

Hand Weapons
 h - a +1 dagger of draining
 p - a +1 hand axe of electrocution
 r - the +7 dagger of Zatofi (weapon) {drain, Str+6}
   (You found it on level 2 of the Dungeon)

   A truly terrible weapon, it drains the life of any living foe it strikes.
   Str:       It affects your strength (+6).
Missiles
 d - 2 boomerangs (quivered)
 e - 3 poisoned darts
 f - a throwing net
Armour
 a - a +0 robe (worn)
Jewellery
 g - a +6 ring of dexterity (left hand)
 q - a ring of protection from fire (right hand)
Wands
 m - a wand of polymorph (4)
Scrolls
 b - 2 scrolls of teleportation {unknown}
 i - 2 scrolls of immolation
 k - a scroll of enchant armour {unknown}
 l - a scroll of magic mapping {unknown}
Potions
 c - a potion of haste
 j - 2 potions of cancellation {unknown}
 n - a potion of heal wounds {unknown}
 o - a potion of resistance {unknown}


   Skills:
 * Level 0.4 Fighting
 * Level 0.3 Short Blades
 * Level 0.8 Throwing
 * Level 2.0 Dodging
 * Level 2.1 Stealth
 * Level 0.7 Unarmed Combat
 * Level 2.4 Spellcasting
 * Level 1.2 Conjurations
 * Level 0.3 Hexes
 * Level 3.5 Fire Magic
 * Level 0.1 Evocations


You had one spell level left.
You knew the following spells:

 Your Spells              Type           Power      Damage    Failure   Level
a - Foxfire               Conj/Fire      36%        2x1d5     8%          1
b - Scorch                Fire           26%        2d6       7%          2
c - Inner Flame           Hex/Fire       8%         N/A       26%         3

Your spell library contained the following spells:

 Spells                   Type           Power      Damage    Failure   Level
 Conjure Flame            Conj/Fire      9%         6-21      22%         3
 Portal Projectile        Hex/Tloc       4%         N/A       50%         3
 Call Canine Familiar     Summ           1%         N/A       52%         3
 Flame Wave               Conj/Fire      9%         2d6       58%         4
 Leda's Liquefaction      Hex/Erth       1%         N/A       88%         4


Dungeon Overview and Level Annotations

Branches:
Dungeon (3/15)

Altars:


Innate Abilities, Weirdness & Mutations

You have large cloven feet.
A weak demonic guardian rushes to your aid.


Message History

Aim: a frilled lizard (44% to hit)
You throw a boomerang. The boomerang hits the frilled lizard.
The frilled lizard is heavily wounded.
Unknown command.
Casting: Scorch (safe; 7% risk of failure)
Confirm with . or Enter, or press ? or * to list all spells.
Flames lash the frilled lizard.
You kill the frilled lizard!
Found a chain mail.
You see here an adder corpse.
Found 7 stones.
Aiming: Polymorph
Press: ? - help, Shift-Dir - straight line, f - worm
Aim: a worm (will become an endoplasm, a wolf, or a bullfrog, chance to affect: 57%)
The worm evaporates and reforms as a wolf!
The wolf closely misses you.
Unknown command.
Press: ? - help, v - describe, . - travel
Here: a wolf The floor.
Casting: Scorch (safe; 7% risk of failure)
Confirm with . or Enter, or press ? or * to list all spells.
Flames lash the wolf.
The wolf is lightly wounded.
The wolf's fire resistance burns away.
You hear an angry hiss.
The wolf closely misses you. The wolf bites you!
You feel yourself speed up. The wolf bites you. The wolf misses you.
You hit the wolf. You kick the wolf.
The wolf is moderately wounded.
The wolf bites you.
You closely miss the wolf.
The wolf is moderately wounded.
The wolf is no longer more vulnerable to fire.
A ball python comes into view.
The wolf bites you!
* * * LOW HITPOINT WARNING * * *
You see here an adder corpse.
The wolf attacks as you move away! The wolf bites you!
You die...

..# #.# ####.# .[##.#
#.##.# # #.##.#
#.##.##.##############
#....@................
#.##h##.##############
#......... .........##
.......###.#
#(##.#...# .# #
###.... .# #S### # #.


You could see a wolf and a ball python.

Vanquished Creatures
  Jessica (D:2)
  A gnoll (D:1)
  An adder (D:3)
  2 worms
  A dart slug (D:1)
  3 endoplasms
  2 giant cockroaches (D:2)
  6 goblins
  5 hobgoblins
  5 kobolds
  A quokka (D:1)
  2 ball pythons
  5 bats
  7 frilled lizards
  2 rats
44 creatures vanquished.

Vanquished Creatures (others)
  20 foxfires (D:1)
20 creatures vanquished.

Grand Total: 64 creatures vanquished

Notes
Turn   | Place    | Note
-------+----------+-------------------------------------------
     0 | D:1      | Verono the Demonspawn Fire Elementalist began the quest for
                  | the Orb.
     0 | D:1      | Reached XP level 1. HP: 13/13 MP: 3/3
   236 | D:1      | Reached skill level 3 in Fire Magic
   236 | D:1      | Gained mutation: You have large cloven feet. [demonic
                  | ancestry]
   236 | D:1      | Reached XP level 2. HP: 7/19 MP: 0/5
   239 | D:1      | Learned a level 2 spell: Scorch
   808 | D:1      | Reached XP level 3. HP: 24/24 MP: 0/6
   812 | D:1      | Learned a level 3 spell: Inner Flame
  1578 | D:2      | Noticed Jessica
  1583 | D:2      | Killed Jessica
  1584 | D:2      | Gained mutation: A weak demonic guardian rushes to your
                  | aid. [demonic ancestry]
  1584 | D:2      | Reached XP level 4. HP: 25/31 MP: 4/7
  1960 | D:2      | Identified the +7 dagger of Zatofi {drain, Str+6}
  2328 | D:3      | Noticed a wolf
  2328 | D:3      | a worm changed into a wolf
  2334 | D:3      | Slain by a wolf

Illustrated notes

Levels and vault maps discovered:
D:1:      erik_arrival_triangle_small, layout_basic, roderic_lattice_a
D:2:      layout_basic, uniq_jessica
D:3:      layout_loops_ring, grunt_temple_overflow_lords_of_destruction,
          shapermc_ecumenical_altar_mp_ritualfount

Skill      XL: |  1  2  3 |
---------------+----------+-----
Fire Magic     | 3 |  3.5
Stealth        | 2 |  2.1
Dodging        | 2 |  2.0
Fighting       | |  0.4
Short Blades   | |  0.3
Throwing       | |  0.8
Unarmed Combat | |  0.7
Spellcasting   | |  2.4
Conjurations   | |  1.2
Hexes          | |  0.3
Evocations     | |  0.1

Action                   |  1- 3 |  4- 6 || total
-------------------------+-------+-------++-------
Melee: Dagger            |     4 |     7 ||    11
       Kick              |       |     3 ||     3
       Hand axe          |       |     2 ||     2
Throw: Boomerang         |    27 |    14 ||    41
 Cast: Foxfire           |    15 |       ||    15
       Scorch            |    15 |     9 ||    24
Evoke: Wand              |       |     1 ||     1
  Use: Potion            |     1 |     1 ||     2
       Scroll            |     2 |       ||     2
 Stab: Sleeping          |     2 |     2 ||     4
Armor: Robe              |     8 |       ||     8
Dodge: Dodged            |    14 |     8 ||    22
